 Dungeon Crawl Stone Soup version 0.29-a0-723-gce39da1c22 (webtiles) character file.

Game seed: 812264561166396975

224 sammy202020 the Trooper (level 5, -3/48 HPs)
             Began as a Minotaur Fighter on June 28, 2022.
             Slain by a gnoll sergeant
             ... wielding a +2 vorpal spear
              (5 damage)
             ... on level 3 of the Dungeon.
             The game lasted 00:02:44 (1985 turns).

sammy202020 the Trooper (Minotaur Fighter)          Turns: 1985, Time: 00:02:45

Health: -3/48      AC:  7    Str: 20    XL:     5   Next: 67%
Magic:  4/4        EV: 10    Int:  7    God:
Gold:   126        SH:  4    Dex: 10    Spells: 4/4 levels left

rFire   . . .      SeeInvis .   e - +3 hand axe
rCold   . . .      Faith    .   c - +0 buckler
rNeg    . . .      Spirit   .   b - +0 scale mail
rPois   .          Reflect  .   (helmet restricted)
rElec   .          Harm     .   (no cloak)
rCorr   .          Rampage  .   (no gloves)
Will    .....                   (no boots)
Stlth   ..........              (no amulet)
HPRegen 0.16/turn               (no ring)
MPRegen 0.09/turn               (no ring)

@: no status effects
A: horns 2, retaliatory headbutt
a: no special abilities


You were on level 3 of the Dungeon.
You visited 1 branch of the dungeon, and saw 3 of its levels.

You collected 126 gold pieces.

Inventory:

Hand Weapons
 a - a +0 war axe
 e - a +3 hand axe (weapon)
 f - a +0 flail
Missiles
 i - a throwing net (quivered)
 l - a boomerang
Armour
 b - a +0 scale mail (worn)
 c - a +0 buckler (worn)
Jewellery
 g - a ring of magical power
Scrolls
 h - a scroll of blinking {unknown}
Potions
 d - a potion of might
 k - a potion of curing {unknown}


   Skills:
 * Level 5.2 Fighting
 * Level 4.3 Axes
 + Level 4.5 Armour
 + Level 2.0 Dodging
 + Level 4.3 Shields


You had 4 spell levels left.
You didn't know any spells.
Your spell library contained the following spells:

 Spells                   Type           Power      Damage    Failure   Level
 Sublimation of Blood     Necr           0%         N/A       94%         2
 Wereblood                Tmut           0%         N/A       94%         2
 Summon Hydra             Summ           0%         N/A       100%        7


Dungeon Overview and Level Annotations

Branches:
Dungeon (3/15)

Altars:


Innate Abilities, Weirdness & Mutations

You have a pair of horns on your head.
You reflexively headbutt those who attack you in melee.


Message History

You hit the gnoll sergeant but do no damage.
The gnoll sergeant is lightly wounded.
You block the gnoll sergeant's attack.
You completely miss the gnoll sergeant.
Your headbutt misses the gnoll sergeant.
The gnoll sergeant is lightly wounded.
You closely miss the orc priest. The orc priest barely misses you.
The gnoll sergeant hits you with a +2 vorpal spear!
You block the orc priest's attack.
You slash the orc priest!
The orc priest is heavily wounded.
You hit the gnoll sergeant.
The gnoll sergeant hits you with a +2 vorpal spear.
* * * LOW HITPOINT WARNING * * *
x2 The orc priest closely misses you.
You furiously retaliate!
You headbutt the orc priest!
You kill the orc priest!
Your Dodging skill increases to level 2!
Found a book of Blood.
The gnoll sergeant hits you with a +2 vorpal spear.
* * * LOW HITPOINT WARNING * * *
x2
Items here: )) [ ††.
You hit the gnoll sergeant.
The gnoll sergeant is moderately wounded.
You block the gnoll sergeant's attack.
You hit the gnoll sergeant but do no damage.
The gnoll sergeant is moderately wounded.
The gnoll sergeant hits you with a +2 vorpal spear.
* * * LOW HITPOINT WARNING * * *
x2 An orc comes into view. It is wielding a +0 whip.
The orc shouts!
You hit the gnoll sergeant but do no damage.
The gnoll sergeant is moderately wounded.
You hear a shout!
You block the gnoll sergeant's attack.
You hit the gnoll sergeant.
You headbutt the gnoll sergeant, but do no damage.
The gnoll sergeant is heavily wounded.
The gnoll sergeant hits you with a +2 vorpal spear.
You die...

##### #### #.... .!? #:
#....######## ...
..........#.... #$........≈≈.
#.)..@....≈≈. #))).g..#..o.
#'##################'#
#.^.....).)..).)))...# .≈≈≈
#.......#..).#.......# P≈≈# #
#.^.....#....#.......# .≈≈#
.#############''''######### .≈≈#
..#........................
.≈≈#####≈≈≈≈≈≈≈≈≈≈≈≈....≈≈≈≈≈≈≈≈


You could see a gnoll sergeant and an orc.

Vanquished Creatures
  An orc priest (D:3)
  4 adders (D:2)
  7 gnolls (D:3)
  3 dart slugs (D:1)
  11 orcs (D:3)
  3 bats
  5 endoplasms
  4 goblins
  3 hobgoblins
  11 jackals
  2 kobolds (D:2)
  4 quokkas
  8 ball pythons
  2 frilled lizards (D:1)
  3 rats
71 creatures vanquished.

Notes
Turn   | Place    | Note
-------+----------+-------------------------------------------
     0 | D:1      | sammy202020 the Minotaur Fighter began the quest for the
                  | Orb.
     0 | D:1      | Reached XP level 1. HP: 19/19 MP: 0/0
   141 | D:1      | Reached XP level 2. HP: 27/27 MP: 1/1
   246 | D:1      | Reached skill level 4 in Fighting
   356 | D:1      | Reached XP level 3. HP: 33/33 MP: 2/2
   398 | D:1      | Found a faded altar of an unknown god.
  1031 | D:2      | Reached skill level 1 in Dodging
  1224 | D:2      | Reached XP level 4. HP: 35/41 MP: 3/3
  1793 | D:3      | Reached XP level 5. HP: 32/47 MP: 4/4
  1942 | D:3      | Reached skill level 5 in Fighting
  1983 | D:3      | HP: 2/48 [gnoll sergeant/+2 vorpal spear (1)]
  1985 | D:3      | Slain by a gnoll sergeant

Illustrated notes

Levels and vault maps discovered:
D:1:      ncdulo_watergridlock, layout_loops_ring,
          shapermc_ecumenical_altar_mp_vishouse
D:2:      layout_rooms
D:3:      lemuel_castle_with_subvaults [lemuel_castle_interior_carwin_3],
          layout_loops_ring, old_standard_altar, uniq_robin

Skill      XL: |  1  2  3  4  5 |
---------------+----------------+-----
Fighting       | 4 5 |  5.2
Axes           | 3 4 |  4.3
Armour         | 4 |  4.5
Dodging        | 1 2 |  2.0
Shields        | 4 |  4.3

Action                   |  1- 3 |  4- 6 || total
-------------------------+-------+-------++-------
Melee: Hand axe          |    78 |    74 ||   152
       Headbutt          |     8 |     9 ||    17
  Use: Scroll            |       |     4 ||     4
       Potion            |       |     1 ||     1
Armor: Scale mail        |    32 |    14 ||    46
Dodge: Dodged            |    30 |    42 ||    72
Block: Buckler           |    17 |    20 ||    37

Table legend: (Time is in decaauts)
 A = Elapsed time spent in this place.
 B = Non-inter-level travel time spent in this place.
 C = Inter-level travel time spent in this place.
 D = Time resting spent in this place.
 E = Time spent auto-exploring this place.
 F = Levels seen in this place.
 G = Mean time per level.
                   A        B        C        D        E       F      G
               +--------+--------+--------+--------+--------+-----+--------+
         Total |   2010 |   1988 |     22 |      0 |   1596 |   3 |  670.0 |
       Dungeon |   2010 |   1988 |     22 |      0 |   1596 |   3 |  670.0 |
               +--------+--------+--------+--------+--------+-----+--------+

Top non-repeatable levels by time:
     D:1: 839 daAuts
     D:2: 656 daAuts
     D:3: 514 daAuts
